[Event "Late-Titled-Tuesday-Blitz-June-04-2024"]
[Site "Chess.com"]
[Date "2024.06.04"]
[Round "4"]
[White "Rital44"]
[Black "Larax"]
[Result "1-0"]
[WhiteElo "2701"]
[BlackElo "2509"]
[TimeControl "180+1"]
[EndTime "14:37:50 PDT"]
[Termination "Rital44 won on time"]

1. f4 d5 2. Nf3 c5 3. d3 Nc6 4. g3 g6 5. Bg2 Bg7 6. O-O Nf6 7.
Qe1 d4 8. a4 O-O 9. Na3 Nd5 10.
Nc4 b6 11. e4 dxe3 12. c3 Bb7 13. Bxe3 Qc7 14. Bf2 Rad8 15. Qe2 e6 16. Rfe1 Nde7 17. Ng5 Nf5 18. Ne4 Rd7 19. g4 Nfe7 20. Bg3 Qd8 21. Rad1 Nd5 22. Qf2 Re8 23. Bh4 Qb8 24. Bg3 Qd8 25. Ne5 f6 26. Nxd7 Qxd7 27. Re2 Na5 28. Rde1 Qxa4 29. Nd6 Rd8 30. Nxb7 Nxb7 31. Rxe6 Qd7 32. f5 Na5 33. g5 fxg5 34. f6 Nxf6 35. Rxf6 Bxf6 36. Qxf6 1-0

[Event "Late-Titled-Tuesday-Blitz-June-04-2024"]
[Site "Chess.com"]
[Date "2024.06.04"]
[Round "4"]
[White "BashiqChess"]
[Black "Hirna2005"]
[Result "0-1"]
[WhiteElo "2465"]
[BlackElo "2332"]
[TimeControl "180+1"]
[EndTime "14:37:51 PDT"]
[Termination "Hirna2005 won by resignation"]

1. Nf3 g6 2. d4 Bg7 3. e3 d6 4. Be2 Nf6 5. O-O O-O 6. b3 Bf5 7. Bb2 a6 8. c4 Qc8 9. Nc3 Ne4 10. Nd2 Nxd2 11. Qxd2 Nc6 12. Bf3 Bg4 13. Qe2 Bxf3 14. Qxf3 e5 15. Nd5 Qd8 16. Rad1 exd4 17. Bxd4 Nxd4 18.
exd4 c6 19. Ne3 Qf6 20. Qxf6 Bxf6 21. d5 c5 22. Nc2 b5 23. Rb1 Rfe8 24. Rfe1 Kf8 25.
Kf1 Bc3 26. Red1 Re7 27. Ne3 f5 28. g3 Rae8 29. Rd3 Bd4 30. Re1 Bxe3 31. Rdxe3 Rxe3 32. Rxe3 Rxe3 33. fxe3 b4 34. e4 fxe4 35. Kf2 Kg7 36.
Ke2 Kf6 37. Ke3 Ke5 38. g4 g5 39. h3 h6 0-1

[Event "Late-Titled-Tuesday-Blitz-June-04-2024"]
[Site "Chess.com"]
[Date "2024.06.04"]
[Round "4"]
[White "Meri-Arabidze"]
[Black "maximnovik"]
[Result "1-0"]
[WhiteElo "2685"]
[BlackElo "2499"]
[TimeControl "180+1"]
[EndTime "14:37:52 PDT"]
[Termination "Meri-Arabidze won on time"]

1. Nf3 Nf6 2. c4 g6 3. g3 c6 4. Bg2 d5 5. O-O Bg7 6. d4 O-O 7.
a4 dxc4 8. Na3 Be6 9. Ng5 Bd5 10. e4 h6 11. exd5 hxg5 12. dxc6 Nxc6 13. d5 Nb4 14. Bxg5 Rc8 15. Qe2 Nfxd5 16. Nxc4 Qc7 17. Ne3 e6 18. h4 Nc2 19. Nxd5 exd5 20. Rac1 Nd4 21. Qg4 Nc2 22.
Bxd5 Qe5 23. Bxb7 Rc5 24. b4 Rc3 25. b5 Nd4 26. Rxc3 Ne2+ 27. Kg2 Nxc3 28. Bc6 Qc5 29.
Be3 Qd6 30. Bxa7 f5 31. Qc4+ Kh7 32. Bc5 1-0

[Event "Late-Titled-Tuesday-Blitz-June-04-2024"]
[Site "Chess.com"]
[Date "2024.06.04"]
[Round "4"]
[White "DirtyKabab"]
[Black "scrambleyourbrain"]
[Result "1-0"]
[WhiteElo "2576"]
[BlackElo "2382"]
[TimeControl "180+1"]
[EndTime "14:37:52 PDT"]
[Termination "DirtyKabab won by resignation"]

1. e4 e5 2. Nf3 Nc6 3. Nc3 Nf6 4. a3 a6 5. d4 exd4 6. Nxd4 d6 7. Nxc6 bxc6 8. Bd3 Be7 9. O-O O-O 10. f4 c5 11.
Qf3 Bb7 12. Qh3 g6 13. b3 Bc8 14. Qf3 Bb7 15. Bb2 d5 16. e5 Ne8 17. f5 Bg5 18.
fxg6 hxg6 19. Bxg6 d4 20. Bxf7+ Kg7 21. Qh5 Be3+ 22.
Kh1 Qg5 23. Qxg5+ Bxg5 24. e6 dxc3 25. Bxc3+ Bf6 26. Rxf6 Nxf6 27. Rf1 Bd5 28. Bxf6+ Kh7 29. Rf5 Rxf7 30. exf7 Bxf7 31. g4 c4 32. bxc4 Bxc4 33. Rc5 Be2 34. h3 c6 35. Kh2 Bf3 36. Rg5 Be4 37. c3 Rg8 38. Rxg8 Kxg8 39. Kg3 Kf7 40. Bd4 Bd5 41. Kf4 Kg6 42. h4 Be6 43. h5+ Kh6 44.
Bc5 Bc8 45. Bf8+ Kh7 46. g5 Kg8 47. Bc5 Be6 48. g6 Kg7 49. Kg5 1-0

[Event "Late-Titled-Tuesday-Blitz-June-04-2024"]
[Site "Chess.com"]
[Date "2024.06.04"]
[Round "4"]
[White "Jakhongir-Vakhidov"]
[Black "annasargsyan_m"]
[Result "0-1"]
[WhiteElo "2940"]
[BlackElo "2599"]
[TimeControl "180+1"]
[EndTime "14:37:53 PDT"]
[Termination "annasargsyan_m won by resignation"]

1. c4 c6 2. d4 d5 3. Nc3 Nf6 4. cxd5 cxd5 5. Bf4 Nc6 6. e3 Bf5 7. Nf3 e6 8. Be2 Bd6 9. Ne5 Rc8 10. O-O O-O 11.
Rc1 Bxe5 12. Bxe5 Nxe5 13. dxe5 Ne4 14. Nb5 a6 15. Nd4 Bg6 16. f3 Nc5 17. Qd2 Nd7 18.
f4 Nc5 19. Bf3 Qb6 20. b4 Ne4 21. Bxe4 Bxe4 22. a3 h6 23. h4 Qd8 24. g3 Qd7 25.
Nb3 b6 26. Qd4 Qa4 27. Qb2 Qb5 28. Kf2 a5 29. Nd4 Qa4 30. b5 Bd3 31. g4 Bxf1 32.
Rxf1 Rc4 33. f5 Rfc8 34. Kg3 Rc3 35. Rf3 Qc4 36. Qf2 Qc7 37. Nc6 Rxc6 38. bxc6 Qxe5+ 39. Kh3 Rxc6 40. fxe6 Qxe6 41. h5 Rc4 42. Rf4 Rc3 43. Rf3 Qe4 44. Kg3 Rxa3 45. Qd2 d4 46. Kh4 Qxf3 0-1

[Event "Late-Titled-Tuesday-Blitz-June-04-2024"]
[Site "Chess.com"]
[Date "2024.06.04"]
[Round "4"]
[White "Bond_7_7_7"]
[Black "Perecke"]
[Result "1/2-1/2"]
[WhiteElo "2431"]
[BlackElo "2601"]
[TimeControl "180+1"]
[EndTime "14:37:54 PDT"]
[Termination "Game drawn by repetition"]

1. e4 c5 2. Nf3 e6 3. c3 d5 4.
exd5 Qxd5 5. d4 Nf6 6. Be2 cxd4 7. cxd4 Bb4+ 8. Nc3 Qa5 9. O-O O-O 10. Bg5 Nbd7 11. Nb5 a6 12. a3 Be7 13. Nc3 h6 14. Bh4 Nd5 15. Bxe7 Nxe7 16. b4 Qb6 17. Rc1 Nf6 18.
Ne5 Rd8 19. Na4 Qa7 20. Nc5 b6 21. Nb3 Bb7 22. Bf3 Bxf3 23. Qxf3 Rd5 24. Rc2 Nf5 25.
Rfc1 Ne8 26. h3 Qe7 27. Rc8 Qb7 28. Rxa8 Qxa8 29. g4 Nfd6 30. a4 Qb7 31. a5 bxa5 32.
Nxa5 Qxb4 33. Nac6 Qb2 34. Ne7+ Kh8 35. Nxf7+ Nxf7 36. Qxf7 Qxc1+ 37. Kg2 Nf6 38. Ng6+ Kh7 39. Nf8+ Kh8 40.
Ng6+ Kh7 41. Nf8+ Kh8 42. Ng6+ 1/2-1/2

[Event "Late-Titled-Tuesday-Blitz-June-04-2024"]
[Site "Chess.com"]
[Date "2024.06.04"]
[Round "4"]
[White "Onthequiet"]
[Black "meme0105"]
[Result "1-0"]
[WhiteElo "2425"]
[BlackElo "1599"]
[TimeControl "180+1"]
[EndTime "14:37:54 PDT"]
[Termination "Onthequiet won by resignation"]

1. e4 c6 2. d4 d5 3. exd5 cxd5 4.
Bd3 Nc6 5. c3 g6 6. Bf4 Bg7 7.
Nf3 Nf6 8. h3 Qb6 9. Qb3 Qxb3 10.
axb3 O-O 11. O-O e6 12. Nbd2 Rd8 13. b4 a6 14. b5 Ne7 15. Bc7 Rd7 16. b6 Nc6 17.
Bb5 Ne8 18. Bg3 Rd8 19. Bxc6 bxc6 20. Nb3 Nd6 21. Na5 Nc4 22. Bc7 Nxa5 23. Bxd8 Bb7 24. Bc7 Nc4 25. b3 Nb2 26. Ne1 c5 27. Rb1 cxd4 28.
Rxb2 dxc3 29. Rc2 a5 30. Nd3 a4 31. bxa4 Rxa4 32. Be5 Bxe5 33. Nxe5 d4 34. Rd1 Rb4 35. Nd7 Kg7 36. f4 Be4 37. Rcc1 c2 38. Rd2 d3 39. Kf2 Bc6 40. Ne5 Rxf4+ 41. Kg3 Rb4 42. Nxc6 Rxb6 43. Ne5 f6 44. Nxd3 Rb3 45. Rcxc2 e5 46. Rb2 Rc3 47. Kh2 f5 48. Nxe5 Kf6 49. Nf3 1-0

[Event "Late-Titled-Tuesday-Blitz-June-04-2024"]
[Site "Chess.com"]
[Date "2024.06.04"]
[Round "4"]
[White "Evan_Attaker"]
[Black "FuenfgegenWilly"]
[Result "1-0"]
[WhiteElo "2698"]
[BlackElo "2505"]
[TimeControl "180+1"]
[EndTime "14:37:55 PDT"]
[Termination "Evan_Attaker won by resignation"]

1. a3 e5 2. c4 Nc6 3. d3 f5 4. Nc3 Nf6 5. b4 d6 6. Nf3 g6 7. Bb2 Bg7 8. e3 O-O 9. Be2 h6 10. Qb3 a5 11. b5 Ne7 12. c5+ Kh7 13. cxd6 cxd6 14. O-O Nd7 15. Na4 Nb6 16. Nxb6 Qxb6 17. a4 g5 18. Rac1 g4 19. Nd2 f4 20. Nc4 Qd8 21. exf4 Rxf4 22. Ba3 d5 23. Bxe7 dxc4 24. Qa3 Qe8 25. Rxc4 Be6 26. Rc7 Bd5 27. Qc5 Qg8 28.
g3 Rd4 29. Bf6 Bf7 30. Qxe5 Rxa4 31. d4 Re8 32. Bd3+ Kh8 33. Bxg7+ Qxg7 34. Qf5 Rf8 35.
Rxb7 Rxd4 36. Ra7 a4 37. b6 Rb4 38. Rb1 Rxb1+ 39. Bxb1 Bg8 40. Rxg7 Rxf5 41. Rxg8+ Kxg8 42. Bxf5 a3 1-0

[Event "Late-Titled-Tuesday-Blitz-June-04-2024"]
[Site "Chess.com"]
[Date "2024.06.04"]
[Round "4"]
[White "topce"]
[Black "krzyzan94"]
[Result "1-0"]
[WhiteElo "2476"]
[BlackElo "2796"]
[TimeControl "180+1"]
[EndTime "14:37:56 PDT"]
[Termination "topce won on time"]

1. c4 g6 2. Nc3 Bg7 3. d4 c5 4.
d5 d6 5. e4 Nf6 6. f4 O-O 7.
Nf3 e6 8. dxe6 Bxe6 9. Bd3 Nc6 10. O-O Bg4 11. h3 Bxf3 12. Qxf3 Nd4 13. Qf2 Re8 14.
g4 a6 15. g5 Nh5 16. Nd5 b5 17. Qg2 Rb8 18. Rb1 Kh8 19. b3 bxc4 20. Bxc4 a5 21. a4 f6 22. f5 gxf5 23. exf5 fxg5 24. f6 Nxf6 25. Bxg5 Rf8 26. Rbe1 h6 27. Bh4 Rg8 28. Kh1 Nh5 29. Bxd8 Rbxd8 30. Ne7 d5 31. Ng6+ Kh7 32. Bd3 c4 33. bxc4 dxc4 34. Bb1 c3 35. Ne7+ Kh8 36. Nxg8 c2 37. Bxc2 Rxg8 38. Bb1 Bf6 39. Qxg8+ Kxg8 40. Rxf6 Nxf6 41. Ba2+ Kg7 42. Re5 1-0

[Event "Late-Titled-Tuesday-Blitz-June-04-2024"]
[Site "Chess.com"]
[Date "2024.06.04"]
[Round "4"]
[White "guillembaches"]
[Black "teresin05"]
[Result "1-0"]
[WhiteElo "2495"]
[BlackElo "2321"]
[TimeControl "180+1"]
[EndTime "14:37:56 PDT"]
[Termination "guillembaches won on time"]

1. e4 c5 2. Nf3 Nc6 3. Bc4 e6 4. c3 a6 5. d4 b5 6. Bd3 Nf6 7. O-O Be7 8. Nbd2 Qb6 9. e5 Nd5 10. dxc5 Bxc5 11. Ne4 Be7 12. Qe2 O-O 13. Bg5 f6 14. exf6 Nxf6 15. Rad1 d5 16. Ng3 h6 17. Be3 Qc7 18. Bg6 Ne5 19. Nxe5 Qxe5 20. f4 Qd6 21. Bd4 Bd7 22. Bb1 Be8 23. Qd3 Rc8 24. Nh5 Bxh5 25. Rde1 Qd7 26. h3 Bc5 27. g4 Bf7 28. g5 Bxd4+ 29.
Qxd4 Ne4 30. Bxe4 dxe4 31. Qxd7 Rcd8 32. Qb7 hxg5 33. fxg5 Bg6 34. Rxf8+ Rxf8 35. Qxa6 Bf5 36. Qxb5 Bxh3 37. a4 Rf4 38. Qe8+ 1-0

[Event "Late-Titled-Tuesday-Blitz-June-04-2024"]
[Site "Chess.com"]
[Date "2024.06.04"]
[Round "4"]
[White "MaiqMaster"]
[Black "aghasiyevkamal"]
[Result "1-0"]
[WhiteElo "2441"]
[BlackElo "2603"]
[TimeControl "180+1"]
[EndTime "14:37:57 PDT"]
[Termination "MaiqMaster won on time"]

1. e4 c5 2. Nc3 g6 3. Nf3 Bg7 4. d4 cxd4 5. Nxd4 d6 6. Be3 Nf6 7. Bc4 Nc6 8. f3 O-O 9. Qd2 Nxd4 10. Bxd4 Be6 11. Nd5 Bxd5 12. exd5 Rc8 13. Bb3 Nd7 14. Bxg7 Kxg7 15. O-O-O b5 16. h4 h5 17. g4 Rh8 18.
Qd4+ Kg8 19. Rhg1 a5 20. c3 b4 21. gxh5 Rxh5 22. Rg5 Rxg5 23. hxg5 Qb6 24. Qh4 Qe3+ 25. Kb1 Qe5 26. Rh1 Qg7 27. cxb4 axb4 28. Qxb4 Nc5 29. Bc2 Qe5 30. Qh4 Qg7 31. Ka1 Rb8 32. Rb1 Qe5 33. Qh6 Qg7 34. Qxg7+ Kxg7 35. b4 Na6 36. b5 Nc5 37. a4 Ra8 38. Rb4 e6 39. dxe6 fxe6 40. b6 Nb7 41. Kb2 d5 42. Rb5 Kf7 43. Kc3 Ke7 44. Kd4 Kd6 45. f4 Rc8 46. Bxg6 Rc4+ 47. Ke3 Rxa4 48. Bd3 Ra1 49. g6 Rg1 50. Kf2 1-0

[Event "Late-Titled-Tuesday-Blitz-June-04-2024"]
[Site "Chess.com"]
[Date "2024.06.04"]
[Round "4"]
[White "Indefatigable11"]
[Black "2L8IWUN"]
[Result "1-0"]
[WhiteElo "2397"]
[BlackElo "2195"]
[TimeControl "180+1"]
[EndTime "14:37:59 PDT"]
[Termination "Indefatigable11 won on time"]

1. d3 d5 2. Nd2 Nf6 3. e4 dxe4 4. dxe4 e5 5. Ngf3 Nc6 6. c3 a5 7. g3 Bc5 8. Bg2 O-O 9. O-O Qe7 10. Qc2 b6 11. Nc4 Ba6 12. b3 Rfd8 13. Bg5 h6 14.
Bxf6 Qxf6 15. Rfd1 Bxc4 16. bxc4 g5 17. Rd5 g4 18. Ne1 Ne7 19. Rxd8+ Rxd8 20. Nd3 Bd6 21. Rd1 Ng6 22. Qe2 h5 23. c5 Bxc5 24. Nxc5 Rxd1+ 25. Qxd1 bxc5 26. h3 Qe6 27. Qd8+ Kg7 28. hxg4 hxg4 29. Qxc7 Qxa2 30. Qxc5 a4 31. Bf1 Qb1 32.
Qa3 Qxe4 33. c4 Qc2 34. c5 Ne7 35. Bb5 1-0

[Event "Late-Titled-Tuesday-Blitz-June-04-2024"]
[Site "Chess.com"]
[Date "2024.06.04"]
[Round "4"]
[White "chess94cu"]
[Black "semchik90"]
[Result "1-0"]
[WhiteElo "2622"]
[BlackElo "2407"]
[TimeControl "180+1"]
[EndTime "14:38:00 PDT"]
[Termination "chess94cu won by checkmate"]

1. d4 d5 2. c4 c6 3. Nf3 Nf6 4. e3 g6 5. Nc3 Bg7 6. Be2 O-O 7. O-O dxc4 8. Bxc4 Bg4 9. h3 Bxf3 10. Qxf3 Nbd7 11.
Rd1 e5 12. dxe5 Nxe5 13. Qe2 Qe7 14. Bb3 Rad8 15. Rxd8 Rxd8 16. e4 Nd3 17. Be3 Nxe4 18. Bxa7 Bxc3 19. bxc3 Ndxf2 20. Bxf2 Rd2 21. Qe3 Rxf2 22.
Re1 Rb2 23. Qxe4 Qc5+ 24. Kh1 Qf2 25. Rd1 Kg7 26. Qd4+ Qxd4 27. Rxd4 Rf2 28. Kg1 Rf6 29. a4 h5 30. a5 Rf5 31. Rd7 Kh6 32. Rxb7 Rxa5 33. Bxf7 h4 34. Rd7 Ra1+ 35. Kh2 Rc1 36. Rd6 Kg7 37. Bxg6 c5 38. Bf5 Rxc3 39. Rc6 Kf7 40. Kg1 Ke7 41. Kf2 Rc4 42. Ke3 Rc3+ 43. Kf4 Rc1 44. Kg4 c4 45. Kxh4 c3 46. g4 Kd8 47. Kg5 Ke7 48. h4 Kf7 49. h5 Kg7 50. h6+ Kf8 51. Kf6 Ke8 52. Rc8# 1-0

[Event "Late-Titled-Tuesday-Blitz-June-04-2024"]
[Site "Chess.com"]
[Date "2024.06.04"]
[Round "4"]
[White "pirulillo"]
[Black "Mikhal867"]
[Result "1-0"]
[WhiteElo "2374"]
[BlackElo "2511"]
[TimeControl "180+1"]
[EndTime "14:38:00 PDT"]
[Termination "pirulillo won by resignation"]

1. e4 g6 2. d4 Bg7 3. Nc3 d6 4.
f4 Nf6 5. a3 O-O 6. Nf3 Bg4 7.
h3 Bxf3 8. Qxf3 Nc6 9. Be3 e5 10.
fxe5 dxe5 11. d5 Nd4 12. Qf2 Nh5 13. O-O-O c5 14. d6 Qxd6 15. Nd5 Nf6 16. Nxf6+ Qxf6 17. c3 Rac8 18. Qxf6 Bxf6 19. Bh6 Ne6 20. Bxf8 Kxf8 21.
Bc4 Nf4 22. g3 Nh5 23. Rd7 Be7 24. Rf1 f6 25. Rf3 Rb8 26. Bd5 b5 27. Rxa7 b4 28. axb4 cxb4 29. c4 Bc5 30. Rxh7 Rb6 31. Rc7 Bd4 32.
Rb3 Ra6 33. Rxb4 Ra1+ 34. Kc2 Ba7 35. Rbb7 1-0

[Event "Late-Titled-Tuesday-Blitz-June-04-2024"]
[Site "Chess.com"]
[Date "2024.06.04"]
[Round "4"]
[White "Faqade"]
[Black "talaicito"]
[Result "1-0"]
[WhiteElo "2593"]
[BlackElo "2196"]
[TimeControl "180+1"]
[EndTime "14:38:01 PDT"]
[Termination "Faqade won by resignation"]

1. d4 e6 2. Nf3 f5 3. g3 Nf6 4.
Bg2 Be7 5. O-O O-O 6. c4 d6 7. Nc3 a5 8. Re1 Ne4 9. d5 Nxc3 10. bxc3 e5 11. e4 f4 12. gxf4 exf4 13. e5 dxe5 14.
Nxe5 Bd6 15. c5 Bxe5 16. Rxe5 Nd7 17. Re1 Nxc5 18. Ba3 Qd6 19. Qd4 b6 20. Bf3 Bd7 21. c4 Rae8 22. Kh1 Rxe1+ 23. Rxe1 Re8 24. Rg1 Re7 25. Bb2 Qh6 26. d6 cxd6 27. Qd5+ Kf8 28. Qa8+ Re8 29. Qa7 d5 30. Bxg7+ Qxg7 31. Rxg7 Kxg7 32.
cxd5 Kf8 33. Qxb6 Nd3 34. Qf6+ Kg8 35. d6 Be6 36. d7 Nxf2+ 37. Kg2 Bxd7 38. Bd5+ 1-0

[Event "Late-Titled-Tuesday-Blitz-June-04-2024"]
[Site "Chess.com"]
[Date "2024.06.04"]
[Round "4"]
[White "subham777"]
[Black "Viktor_Poddubnyi"]
[Result "1-0"]
[WhiteElo "2548"]
[BlackElo "2372"]
[TimeControl "180+1"]
[EndTime "14:38:01 PDT"]
[Termination "subham777 won on time"]

1. e4 g6 2. d4 Bg7 3. c4 Nc6 4.
Nf3 e5 5. d5 Nd4 6. Nc3 c5 7.
Be3 d6 8. Be2 f5 9. Bg5 Nf6 10.
Nxd4 cxd4 11. Nb1 fxe4 12. Nd2 d3 13. Bf1 Qa5 14. a3 Bg4 15. Qb3 O-O 16. h3 Bd7 17. g3 h6 18. Be3 Ba4 19. Qxb7 Rfb8 20. Qe7 Rxb2 21. Qxd6 Rd8 22. Qe6+ Kh7 23. Bg2 Qc3 24. h4 Rxd2 25. O-O Re2 26. h5 Rxe3 27. hxg6+ Kxg6 28. fxe3 Qd2 29. Bxe4+ 1-0

[Event "Late-Titled-Tuesday-Blitz-June-04-2024"]
[Site "Chess.com"]
[Date "2024.06.04"]
[Round "4"]
[White "Eduard_Limonov"]
[Black "Bilan_Danila"]
[Result "1-0"]
[WhiteElo "2828"]
[BlackElo "2552"]
[TimeControl "180+1"]
[EndTime "14:38:02 PDT"]
[Termination "Eduard_Limonov won by resignation"]

1. e4 c6 2. d4 d5 3. e5 c5 4.
dxc5 e6 5. Nf3 Bxc5 6. Bd3 Ne7 7. O-O Ng6 8. a3 Nc6 9. b4 Be7 10. Bb2 a5 11. b5 Nb8 12. a4 Nd7 13. Nbd2 Nc5 14. Bxg6 hxg6 15. Nb3 Ne4 16. Nfd2 b6 17. Nxe4 dxe4 18. Qxd8+ Bxd8 19. c4 Bb7 20. Rfd1 Rc8 21. Rac1 Be7 22. Bd4 Bd8 23. c5 bxc5 24. Nxc5 Bd5 25.
Nxe4 Rxc1 26. Nd6+ Kd7 27. Rxc1 Rh4 28. Rd1 Rg4 29.
g3 Bb3 30. Rd2 Bxa4 31. h3 Rg5 32. Nxf7 Rf5 33. Bc3+ Ke7 34. Nxd8 Bxb5 35. f4 g5 36. Bxa5 gxf4 37. Bb4+ Ke8 38. Nb7 Rxe5 39. Nd6+ Kd7 40.
Nxb5+ Kc6 41. Nd4+ Kb6 42. gxf4 Rh5 43. Kg2 g5 44.
Nxe6 gxf4 45. Nxf4 Rh4 46. Kg3 Rh7 47. Bc3 Kb5 48. h4 Kc4 49. Bf6 Rb7 50. h5 Rb5 51. h6 Rb7 52. Rh2 Rh7 53. Kg4 Kc5 54. Kf5 Kc6 55. Kg6 Rc7 56. h7 Kb6 57. h8=Q Kb7 58. Rb2+ Ka6 59. Qa8+ Ra7 60. Qc6+ 1-0

[Event "Late-Titled-Tuesday-Blitz-June-04-2024"]
[Site "Chess.com"]
[Date "2024.06.04"]
[Round "4"]
[White "hansen"]
[Black "ncofre98"]
[Result "0-1"]
[WhiteElo "3034"]
[BlackElo "2604"]
[TimeControl "180+1"]
[EndTime "14:38:05 PDT"]
[Termination "ncofre98 won on time"]

1. d4 Nf6 2. c4 c5 3. d5 e6 4. Nc3 exd5 5. cxd5 d6 6. Nf3 g6 7.
Nd2 Bg7 8. e4 O-O 9. Be2 Re8 10.
O-O Na6 11. Re1 Nc7 12. a4 b6 13. Ra3 Rb8 14. Bb5 Bd7 15. Nc4 a6 16. Bxd7 Qxd7 17. e5 dxe5 18. d6 Ne6 19. Nxe5 Qb7 20. h3 Rbd8 21.
Nc4 Qc6 22. Rb3 Nd7 23. Nd5 b5 24. axb5 axb5 25. Ne7+ Rxe7 26. dxe7 Re8 0-1

[Event "Late-Titled-Tuesday-Blitz-June-04-2024"]
[Site "Chess.com"]
[Date "2024.06.04"]
[Round "4"]
[White "Pig-filth"]
[Black "ritanovikova"]
[Result "1-0"]
[WhiteElo "2312"]
[BlackElo "2141"]
[TimeControl "180+1"]
[EndTime "14:38:07 PDT"]
[Termination "Pig-filth won by checkmate"]

1. d4 Nf6 2. Bg5 e6 3. e4 h6 4. Bxf6 Qxf6 5. Nc3 Bb4 6. Qd3 b6 7. e5 Qe7 8. Nf3 Ba6 9. Qe4 c6 10. Bxa6 Nxa6 11. O-O Bxc3 12. bxc3 d5 13. exd6 Qxd6 14.
a4 Nc7 15. c4 O-O 16. c3 Ne8 17. a5 Nf6 18. Qe5 Rad8 19. axb6 axb6 20. Ra6 Qxe5 21. Nxe5 c5 22. Nc6 Rd7 23. Rxb6 Ne4 24. Rc1 Ra8 25. f3 Nd2 26. Ne5 Rc7 27. Rd1 Ra2 28. d5 exd5 29. cxd5 f6 30. Rb8+ Kh7 31. d6 Rca7 32. d7 Ra1 33. Rxa1 Rxa1+ 34. Kf2 Ra2 35. d8=Q Ne4+ 36. Ke3 Nxc3 37. Qg8# 1-0

[Event "Late-Titled-Tuesday-Blitz-June-04-2024"]
[Site "Chess.com"]
[Date "2024.06.04"]
[Round "4"]
[White "SilverCityIndigo"]
[Black "carloseduar100"]
[Result "1-0"]
[WhiteElo "2472"]
[BlackElo "2260"]
[TimeControl "180+1"]
[EndTime "14:38:08 PDT"]
[Termination "SilverCityIndigo won by checkmate"]

1. d4 d5 2. Nf3 c6 3. c4 a6 4. e3 e6 5. Nbd2 Nf6 6. b3 Bb4 7. Bb2 Nbd7 8. a3 Bxd2+ 9. Qxd2 O-O 10. Bd3 Re8 11. Ne5 Nxe5 12. dxe5 Nd7 13. O-O-O b5 14. f4 bxc4 15. bxc4 Rb8 16. h4 a5 17. h5 Ba6 18.
g4 Nc5 19. Bc2 Bxc4 20. f5 Qb6 21. Bd4 Bb3 22. Qc3 Bxc2 23. Kxc2 Qb3+ 24. Qxb3 Nxb3 25. Ba7 Rb7 26. a4 c5 27. Rb1 c4 28. Bd4 Reb8 29. f6 Nxd4+ 30. exd4 Rxb1 31. Rxb1 Rxb1 32. Kxb1 gxf6 33.
exf6 h6 34. Kc2 Kf8 35. Kc3 Ke8 36. Kc2 Kd7 37. Kc3 Kd6 38. g5 hxg5 39. h6 e5 40. h7 exd4+ 41. Kxd4 Ke6 42. h8=Q g4 43. Qd8 Kf5 44.
Qxd5+ Kxf6 45. Qe5+ Kg6 46. Qf4 f5 47. Ke5 c3 48.
Qxf5+ Kh6 49. Qxg4 c2 50. Kf6 c1=Q 51. Qg6# 1-0

[Event "Late-Titled-Tuesday-Blitz-June-04-2024"]
[Site "Chess.com"]
[Date "2024.06.04"]
[Round "4"]
[White "ChessQueen"]
[Black "Nemsko"]
[Result "1-0"]
[WhiteElo "2727"]
[BlackElo "2341"]
[TimeControl "180+1"]
[EndTime "14:38:08 PDT"]
[Termination "ChessQueen won on time"]

1. e4 e5 2. Nf3 Nc6 3. Bb5 a6 4.
Ba4 Nf6 5. d4 Nxe4 6. O-O d5 7.
Nxe5 Bd7 8. Bxc6 Bxc6 9. Nxc6 bxc6 10. f3 Nf6 11. Nc3 Be7 12. Ne2 O-O 13. Ng3 Re8 14. Nf5 Bf8 15. Bg5 Re6 16. Qd3 c5 17.
Rae1 cxd4 18. Rxe6 fxe6 19. Nxd4 e5 20. Nf5 c6 21.
Qe3 Qe8 22. Bxf6 gxf6 23. f4 e4 24. Rd1 Rb8 25. b3 Rb7 26. c4 Qe6 27. Qh3 Qf7 28.
cxd5 cxd5 29. Kh1 Rc7 30. Ne3 Rd7 31. Qf5 d4 32. Ng4 Bg7 33. Qxe4 f5 34. Qa8+ Bf8 35.
Ne5 Qd5 36. Qxa6 Rg7 37. Qe2 h5 38. Qf3 Qe4 39. h3 1-0

[Event "Late-Titled-Tuesday-Blitz-June-04-2024"]
[Site "Chess.com"]
[Date "2024.06.04"]
[Round "4"]
[White "JSPrepz"]
[Black "BogdanDeac"]
[Result "1-0"]
[WhiteElo "2848"]
[BlackElo "3009"]
[TimeControl "180+1"]
[EndTime "14:38:09 PDT"]
[Termination "JSPrepz won on time"]

1. e4 e5 2. Nf3 Nc6 3. Nc3 Nf6 4. a3 g6 5. Nxe5 Nxe5 6. d4 Nc6 7. d5 Bg7 8. dxc6 bxc6 9. Bd3 O-O 10. O-O Re8 11. Bg5 h6 12. Bh4 d5 13. exd5 cxd5 14. Bb5 Re6 15. Bxf6 Qxf6 16. Nxd5 Qd8 17. Qf3 c6 18.
Nf4 Rf6 19. Bxc6 Rb8 20. Rad1 Qf8 21. Qe4 Bf5 22. Qa4 Rxb2 23. Nd5 Rd6 24. Ne3 Be6 25. Bd5 Bxd5 26. Rxd5 Rxd5 27. Nxd5 Kh7 28. h4 Qc5 29. Qd7 Qxc2 30. Qxf7 Qf5 31. Qxf5 gxf5 32. Rd1 Ra2 33. Ne7 f4 34. Rd7 Bb2 35. Rxa7 Rxa3 36.
Rb7 Ra2 37. h5 1-0

[Event "Late-Titled-Tuesday-Blitz-June-04-2024"]
[Site "Chess.com"]
[Date "2024.06.04"]
[Round "4"]
[White "Msb2"]
[Black "dretch"]
[Result "1-0"]
[WhiteElo "3045"]
[BlackElo "2864"]
[TimeControl "180+1"]
[EndTime "14:38:11 PDT"]
[Termination "Msb2 won on time"]

1. d4 d5 2. c4 c6 3. Nf3 Nf6 4.
Nc3 dxc4 5. e4 b5 6. Qc2 e6 7. Be2 Bb7 8. O-O Nbd7 9. b3 b4 10. e5 Nd5 11. Bg5 Qc7 12. Nxd5 cxd5 13. bxc4 dxc4 14. Bxc4 h6 15. Be3 Rc8 16. Rfc1 Bd5 17. Nd2 Be7 18. Qd1 Bxc4 19. Nxc4 Qd8 20. Qg4 g6 21.
Qf3 h5 22. Nd6+ Bxd6 23. exd6 O-O 24. Rxc8 Qxc8 25. Rc1 Qa6 26. h4 Qxd6 27. Rc6 Qb8 28. Bf4 Qa8 29. d5 exd5 30. Rc7 Qd8 31. Qxd5 Nb6 32.
Qe5 Qd1+ 33. Kh2 Qg4 34. Bh6 Qxh4+ 35. Kg1 f6 36. Qe6+ Kh8 37. Qe7 1-0

[Event "Late-Titled-Tuesday-Blitz-June-04-2024"]
[Site "Chess.com"]
[Date "2024.06.04"]
[Round "4"]
[White "Sacbutt"]
[Black "merinasian"]
[Result "0-1"]
[WhiteElo "2318"]
[BlackElo "2486"]
[TimeControl "180+1"]
[EndTime "14:38:11 PDT"]
[Termination "merinasian won on time"]

1. e4 d6 2. d4 Nd7 3. Nc3 g6 4. Be2 Bg7 5. Be3 a6 6. Qd2 b5 7. a3 Bb7 8. Nf3 e6 9. O-O h6 10. h3 Ngf6 11. Rad1 Nxe4 12. Nxe4 Bxe4 13. Rfe1 Nf6 14.
a4 bxa4 15. c4 g5 16. d5 exd5 17. cxd5 O-O 18. Qa5 c5 19. Qxa4 Bxd5 20. Nxg5 hxg5 21.
Bxg5 Bb7 22. Qh4 Re8 23. Bd3 Rxe1+ 24. Rxe1 d5 25. Bh7+ Kf8 26. Re3 Qd6 27. Bf4 Qc6 28. f3 Nxh7 29. Qxh7 d4 30. Re2 d3 31. Qxd3 Re8 32.
Rxe8+ Qxe8 33. Qh7 Qe6 0-1

[Event "Late-Titled-Tuesday-Blitz-June-04-2024"]
[Site "Chess.com"]
[Date "2024.06.04"]
[Round "4"]
[White "sammartin99"]
[Black "protectiago"]
[Result "0-1"]
[WhiteElo "2290"]
[BlackElo "2128"]
[TimeControl "180+1"]
[EndTime "14:38:11 PDT"]
[Termination "protectiago won on time"]

1. d4 Nf6 2. Bg5 d5 3. Nd2 Nbd7 4. Ngf3 g6 5. e3 Bg7 6. c4 O-O 7. cxd5 Nxd5 8. Bc4 N5b6 9. Bb3 h6 10. Bh4 Nf6 11.
O-O Bg4 12. h3 Bxf3 13. Nxf3 Nbd5 14. Qc2 c6 15. e4 Nb4 16. Qe2 a5 17. a3 Na6 18. e5 Nd5 19. e6 f6 20. Bg3 Qb6 21.
Bc2 Nac7 22. Bxg6 f5 23. Be5 Nxe6 24. Bxg7 Nxg7 25. Qd2 f4 26. Rfe1 Rf6 27. Bd3 Raf8 28. Ne5 e6 29. Nd7 Qc7 0-1